 Dungeon Crawl Stone Soup version 0.18-a0-987-g0b0e4e7 (webtiles) character file.

4471 tof the Protected (level 10, -3/76 HPs)
             Began as a Demonspawn Fighter on Jan 3, 2016.
             Was a Believer of Ru.
             Slain by a nine-headed hydra (4 damage)
             ... on level 10 of the Dungeon.
             The game lasted 00:29:23 (9290 turns).

tof the Protected (Demonspawn Fighter)              Turns: 9290, Time: 00:29:23

Health: -3/76      AC: 22    Str: 22    XL:     10   Next: 15%
Magic:  19/19      EV:  8    Int:  9    God:    Ru [**....]
Gold:   263        SH: 11    Dex: 16    Spells: 0 memorised, 9 levels left

rFire  + . .     SeeInvis +     a - +0 long sword
rCold  + . .     Gourm    +     C - +2 scale mail {rF+}
rNeg   + . .     Faith    .     c - +0 shield
rPois  +         Spirit   .     m - -1 helmet
rElec  .         Dismiss  .     (no cloak)
rCorr  .         Reflect  .     (no gloves)
SustAt .         Harm     .     (no boots)
MR     +++..                    B - amulet of the gourmand
Stlth  ..........               i - ring of see invisible
                                R - ring "Coihis" {rPois rN+ MR+++ MP+9}

@: mighty, extremely resistant to hostile enchantments, extremely unstealthy
A: thin metallic scales 1, cold resistance 1, icemail, spiny 2, freezing cloud
immunity, no stealth, inability to train dodging
a: Renounce Religion


You were on level 10 of the Dungeon.
You worshipped Ru.
Ru was pleased with you.
You were very full.

You visited 2 branches of the dungeon, and saw 11 of its levels.
You also visited: Sewer.

You collected 687 gold pieces.
You spent 424 gold pieces at shops.

Inventory:

Hand Weapons
 a - a +0 long sword (weapon)
Armour
 c - a +0 shield (worn)
 m - a -1 helmet (worn)
 v - a +0 plate armour
 C - a +2 scale mail of fire resistance (worn)
Jewellery
 i - a ring of see invisible (right hand)
 y - an uncursed amulet of harm
 B - an amulet of the gourmand (around neck)
 E - an uncursed amulet of resist corrosion
 M - an uncursed ring of fire
 R - the ring "Coihis" (left hand) {rPois rN+ MR+++ MP+9}
   (You bought it in a shop on level 8 of the Dungeon)

   [ring of poison resistance]

   It protects you from poison.
   It protects you from negative energy.
   It affects your resistance to hostile enchantments.
   It affects your magic capacity (+9).
 T - an uncursed amulet of rage
 W - an uncursed ring of fire
Wands
 F - a wand of cold (9/15)
 J - a wand of fireball (7/15)
Scrolls
 b - a scroll of blinking
 e - 2 scrolls of fear
 u - a scroll of enchant weapon
 D - 3 scrolls of enchant armour {unknown}
 G - 2 scrolls of vulnerability {unknown}
 H - 3 scrolls of identify
 I - 2 scrolls of immolation {unknown}
 K - 2 scrolls of noise {unknown}
 L - a scroll of amnesia {unknown}
 Q - a scroll of remove curse
 S - a scroll of magic mapping {unknown}
Potions
 d - a potion of might
 j - 2 potions of mutation {unknown}
 l - a potion of cure mutation {unknown}
 n - a potion of brilliance {unknown}
 o - 3 potions of curing {unknown}
 p - 4 potions of ambrosia {unknown}
 q - a potion of lignification {unknown}
 r - a potion of haste {unknown}
 x - a potion of agility {unknown}
 z - 3 potions of berserk rage {unknown}
 A - 3 potions of poison {unknown}
 N - a potion of invisibility {unknown}
 O - 2 potions of magic {unknown}
 P - a potion of cancellation {unknown}
 V - a potion of heal wounds {unknown}
 X - 2 potions of resistance {unknown}
Books
 g - a book of the Earth

   Spells                             Type                      Level
   a - Leda's Liquefaction            Hexes/Earth                  4
   b - Bolt of Magma                  Conjuration/Fire/Earth       5
   c - Statue Form                    Transmutation/Earth          6
   d - Iron Shot                      Conjuration/Earth            6
   e - Shatter                        Earth                        9
 k - a book of Dreams

   Spells                             Type                      Level
   a - Ensorcelled Hibernation        Hexes/Ice                    2
   b - Phase Shift                    Translocation                5
   c - Shadow Creatures               Summoning                    5
   d - Silence                        Hexes/Air                    5
   e - Darkness                       Hexes                        6
   f - Mass Confusion                 Hexes                        6
Miscellaneous
 s - a lantern of shadows
Comestibles
 f - 8 bread rations
 h - 5 meat rations
 t - 2 royal jellies
 w - 2 fruits
 U - 9 slices of pizza


   Skills:
 + Level 5.7 Fighting
 * Level 7.4 Long Blades
 * Level 8.5 Armour
 + Level 6.1 Shields


You had 9 spell levels left.
You didn't know any spells.

Dungeon Overview and Level Annotations

Branches:
Dungeon (10/15)            Temple (1/1) D:6
   Lair: D:8-11         Orc: D:9-12

Altars:
Fedhas
Gozag
Kikubaaqudgha
Makhleb
Nemelex Xobeh
Okawaru
Pakellas
Qazlal
Ru
Sif Muna
Trog
Vehumet
Xom
Yredelemnul
Zin
The Shining One

Shops:
D:8 =


Innate Abilities, Weirdness & Mutations

You are partially covered in thin metallic scales (AC +2).
Your flesh is cold resistant.
A meltable icy envelope protects you from harm (AC +10).
You are mostly covered in sharp spines.
You are immune to freezing clouds.
You cannot be stealthy.
You cannot train Dodging skill.


Message History

The seven-headed hydra grows two more!
You slash the nine-headed hydra!
The nine-headed hydra is severely wounded.
The nine-headed hydra is struck by your spines.
The nine-headed hydra bites you but does no damage. x2
The nine-headed hydra bites you.
The nine-headed hydra bites you but does no damage. x2
The nine-headed hydra bites you.
You block the nine-headed hydra's attack.
The nine-headed hydra closely misses you.
The nine-headed hydra bites you!
* * * LOW HITPOINT WARNING * * *
Okay, then.
You don't know any spells.
Drink which item? (? for menu, Esc to quit)
You feel very mighty all of a sudden.
The nine-headed hydra bites you but does no damage.
The nine-headed hydra bites you!
* * * LOW HITPOINT WARNING * * *
The nine-headed hydra bites you.
You die...

#.......#
#.....#.###
#.#........
##.#.......
#.#.##.### #.#.# .#
. # #.#.# #
....#.#########.#.#
......D@..........#
###################


You could see a nine-headed hydra.

Vanquished Creatures
  Joseph (D:7)
  A spriggan (D:8)
  A steam dragon (D:8)
  Duvessa (D:7)
  3 sky beasts
  3 ogres
  2 ice beasts (D:8)
  2 orc warriors
  2 phantoms
  2 black bears
  A centaur (D:9)
  2 big kobolds
  7 giant frogs
  Dowan (D:7)
  4 scorpions
  A wyvern skeleton (D:6)
  2 jellies
  5 crimson imps
  A centaur zombie (D:8)
  5 orc priests
  4 hounds
  8 orc wizards
  A centaur skeleton (D:9)
  2 giant frog skeletons (D:5)
  2 iguanas
  9 worker ants
  3 gnolls
  13 adders
  An ooze (D:5)
  An adder skeleton (D:5)
  6 giant geckos
  38 orcs
  13 giant cockroaches
  6 goblins
  3 hobgoblins
  A jackal (D:3)
  10 kobolds
  3 quokkas
  10 ball pythons
  6 bats
  A giant gecko skeleton (D:6)
  13 giant newts
  A jackal skeleton (D:4)
  7 rats
209 creatures vanquished.

Vanquished Creatures (others)
  A wyvern (D:9)
  A rat (D:1)
2 creatures vanquished.

Grand Total: 211 creatures vanquished

Notes
Turn   | Place    | Note
--------------------------------------------------------------
     0 | D:1      | tof the Demonspawn Fighter began the quest for the Orb.
     0 | D:1      | Reached XP level 1. HP: 18/18 MP: 1/1
   303 | D:1      | Gained mutation: You are partially covered in sharp spines. [demonic ancestry]
   303 | D:1      | Reached XP level 2. HP: 20/24 MP: 2/2
  1178 | D:2      | Reached XP level 3. HP: 25/29 MP: 3/3
  1577 | D:3      | Gained mutation: You are partially covered in thin metallic scales (AC +2). [demonic ancestry]
  1577 | D:3      | Reached XP level 4. HP: 30/35 MP: 4/4
  1624 | D:3      | Reached skill level 4 in Armour
  1626 | D:3      | Gained mutation: Your flesh is cold resistant. [demonic ancestry]
  1626 | D:3      | Reached XP level 5. HP: 21/41 MP: 5/5
  1849 | D:3      | Reached skill level 1 in Dodging
  2342 | D:4      | Found a glowing golden altar of the Shining One.
  2553 | D:4      | Found a glowing drain.
  2570 | Sewer    | Entered a sewer
  2712 | Sewer    | Reached XP level 6. HP: 48/48 MP: 6/6
  3716 | D:4      | You fall through a shaft for 2 floors!
  3732 | D:6      | Found a staircase to the Ecumenical Temple.
  3738 | Temple   | Entered the Ecumenical Temple
  3746 | Temple   | Became a worshipper of Ru the Awakened
  3878 | D:6      | Reached skill level 5 in Armour
  3878 | D:6      | Reached skill level 1 in Stealth
  3928 | D:6      | Gained mutation: You are immune to freezing clouds. [demonic ancestry]
  3928 | D:6      | Reached XP level 7. HP: 53/53 MP: 7/7
  4678 | D:6      | Reached skill level 6 in Armour
  4992 | D:6      | Gained mutation: A meltable icy envelope protects you from harm (AC +10). [demonic ancestry]
  4992 | D:6      | Reached XP level 8. HP: 30/60 MP: 8/8
  5883 | D:5      | Entered Level 5 of the Dungeon
  5922 | D:5      | Gained mutation: You cannot train Dodging skill. [Ru sacrifice]
  5922 | D:5      | Reached * piety under Ru
  5946 | D:5      | Reached skill level 7 in Armour
  6584 | D:7      | Reached skill level 5 in Shields
  6600 | D:7      | Gained mutation: You are mostly covered in sharp spines. [demonic ancestry]
  6600 | D:7      | Reached XP level 9. HP: 57/67 MP: 9/9
  6912 | D:7      | Noticed Joseph
  6933 | D:7      | Killed Joseph
  6933 | D:7      | Reached skill level 5 in Long Blades
  7281 | D:7      | Noticed Duvessa
  7282 | D:7      | Noticed Dowan
  7295 | D:7      | Killed Duvessa
  7295 | D:7      | Reached skill level 5 in Fighting
  7300 | D:7      | Killed Dowan
  7546 | D:7      | Found a glowing silver altar of Zin.
  7807 | D:8      | Found Niwiagro's Jewellery Boutique.
  7812 | D:8      | Reached skill level 8 in Armour
  7818 | D:8      | Bought the ring "Coihis" {rPois rN+ MR+++ MP+9} for 424 gold pieces
  8257 | D:8      | Gained mutation: You cannot be stealthy. [Ru sacrifice]
  8257 | D:8      | Reached ** piety under Ru
  8546 | D:9      | Reached XP level 10. HP: 64/76 MP: 10/10
  8705 | D:9      | Found an oddly glowing altar of Pakellas.
  9265 | D:10     | Entered Level 10 of the Dungeon
  9278 | D:10     | Noticed a four-headed hydra
  9290 | D:10     | HP: 1/76 [nine-headed hydra (12)]
  9290 | D:10     | Slain by a nine-headed hydra

Vault maps used:
D:1:      dpeg_arrival_line_fractal, serial_bayou_pond_c, lemuel_flame_loot_1
D:2:      first_bread
D:3:      minmay_box_of_dots
D:4:      tso_altar, gup_sewer_entry_glass
D:6:      minmay_temple_entry_fiery, minmay_misc_feat_ornament
D:7:      zin_treasury, uniq_duvessa, uniq_joseph
D:8:      serial_shops, shop_fountains, grunt_pizzeria
D:9:      minmay_misc_feat_cross, grunt_pakellas_salt
D:10:     dpeg_oklobed_lair, special_room, onia_ninara_dug_in_and_dangerous
Temple:   dpeg_three_leaves_temple_18
Sewer:    sewer_frog_island_01

Action                   |  1- 3 |  4- 6 |  7- 9 | 10-12 || total
-------------------------+-------+-------+-------+-------++-------
Melee: Long sword        |    54 |   121 |   295 |    72 ||   542
Invok: Sacrifice Nimblen |       |       |     1 |       ||     1
       Sacrifice Stealth |       |       |     1 |       ||     1
  Use: Scroll            |       |     5 |     1 |       ||     6
       Potion            |       |       |       |     1 ||     1
  Eat: Chunk             |     2 |     6 |    25 |     2 ||    35
       Fruit             |       |     2 |     1 |       ||     3
